 Dungeon Crawl Stone Soup version 0.27-a0-1196-g3e9cee4cb2 (webtiles) character file.

Game seed: 15909962489091990600

2514 mordus the Magician (level 9, -11/65 HPs)
             Began as a Djinni Fire Elementalist on May 28, 2021.
             Was a Follower of Makhleb.
             Shot with an arrow by a centaur warrior (24 damage)
             ... on level 8 of the Dungeon.
             The game lasted 00:32:11 (11032 turns).

mordus the Magician (Djinni Fire Elementalist)     Turns: 11032, Time: 00:32:11

Health: -11/65     AC:  7    Str:  7    XL:     9   Next: 83%
Gold:   315        EV: 15    Int: 20    God:    Makhleb [*.....] SH:  0 Dex: 14

rFire    + + .     SeeInvis .   n - staff of poison
rCold    . . .     Faith    .   (no shield)
rNeg     + . .     Spirit   .   B - +2 robe {Will+}
rPois    ∞         Reflect  .   t - +0 helmet
rElec    .         Harm     .   g - +0 cloak
rCorr    .         Rampage  .   e - +0 pair of gloves
Will     +....                  (boots unavailable)
Stlth    ++........             (no amulet)
HPRegen  0.20/turn              y - ring of protection from cold
MPRegen  0.00/turn              F - ring of positive energy

@: flying
A: sickness immunity, fire resistance 2, cold vulnerability 1, float, innate
caster, hp casting, extra vitality 1
a: Renounce Religion


You were on level 8 of the Dungeon.
You worshipped Makhleb.
Makhleb was aware of your devotion.
You visited 2 branches of the dungeon, and saw 9 of its levels.

You collected 315 gold pieces.

Inventory:

Hand Weapons
 d - a +0 quarterstaff of freezing
Missiles
 b - 2 curare-tipped darts
Armour
 a - a +0 robe
 e - a +0 pair of gloves (worn)
 g - a +0 cloak (worn)
 m - +0 steam dragon scales
 t - a +0 helmet (worn)
 B - a +2 robe of willpower (worn)
Magical Staves
 n - a staff of poison (weapon)
 C - a staff of cold
Jewellery
 y - a ring of protection from cold (left hand)
 F - a ring of positive energy (right hand)
 H - a ring of wizardry
Wands
 r - a wand of flame (8)
 s - a wand of polymorph (5)
 E - a wand of charming (4)
Scrolls
 c - a scroll of magic mapping
 h - a scroll of enchant armour {unknown}
 j - a scroll of teleportation {unknown}
 k - a scroll of brand weapon
 o - a scroll of identify
 q - a scroll of blinking
 u - a scroll of torment {unknown}
 w - a scroll of summoning {unknown}
 x - a scroll of immolation {unknown}
 z - a scroll of fear {unknown}
 D - a scroll of enchant weapon {unknown}
 G - a scroll of vulnerability {unknown}
Potions
 f - a potion of brilliance
 i - 2 potions of attraction
 l - a potion of curing {unknown}
 p - a potion of ambrosia
 v - a potion of mutation
 A - a potion of cancellation {unknown}


   Skills:
 + Level 5.5 Fighting
 + Level 4.1 Staves
 + Level 6.5 Dodging
 - Level 1.5 Stealth
 * Level 6.7 Spellcasting
 + Level 1.2 Invocations
 + Level 1.3 Evocations


You couldn't memorise any spells.
You knew the following spells:

 Your Spells              Type           Power      Damage    Failure   Level
a - Foxfire               Conj/Fire      100%       2x1d9     1%          1
b - Conjure Flame         Conj/Fire      33%        6-21      1%          3
c - Inner Flame           Hex/Fire       33%        N/A       1%          3
d - Sticky Flame          Conj/Fire      33%        2d5       6%          4
e - Fireball              Conj/Fire      16%        3d8       17%         5
f - Animate Skeleton      Necr           66%        N/A       1%          1
g - Ensorcelled Hibernat  Hex/Ice        66%        N/A       1%          2
h - Spider Form           Tmut/Pois      25%        N/A       1%          3
i - Summon Ice Beast      Ice/Summ       33%        N/A       6%          4
Your spell library was empty.

Dungeon Overview and Level Annotations

Branches:
Dungeon (8/15)             Temple (1/1) D:5
   Lair: D:8-11

Altars:
Ashenzari
Cheibriados
Dithmenos
Elyvilon
Fedhas
Gozag
Hepliaklqana
Kikubaaqudgha
Makhleb
Nemelex Xobeh
Okawaru
Qazlal
Ru
Sif Muna
Trog
Uskayaw
Vehumet
Wu Jian
Xom
Yredelemnul
Zin
The Shining One

Shops:
D:2 ?   D:5 [!??


Innate Abilities, Weirdness & Mutations

You are immune to sickness and miasma.
You are immune to poison.
Your flesh is very heat resistant. (rF++)
You are vulnerable to cold. (rC-)
You float through the air rather than walking.
You learn spells naturally, not from books.
Your magical power is your life essence.
You have superior vitality. (+4 HP)


Message History

The centaur warrior wields a +0 shortbow.
The centaur warrior shoots an arrow.
The arrow hits your ice beast!
Your ice beast dies!
Casting: Foxfire (safe; 1% risk of failure)
Confirm with . or Enter, or press ? or * to list all spells.
You conjure some foxfire!
The foxfire hits the centaur warrior but does no damage.
Your foxfire dissipates!
The foxfire hits the centaur warrior but does no damage.
Casting: Foxfire (safe; 1% risk of failure)
Confirm with . or Enter, or press ? or * to list all spells.
A chill wind blows around you.
The centaur warrior shoots an arrow.
The arrow hits your ice beast!!
The centaur warrior unwields a +0 shortbow.
The centaur warrior hits your ice beast!
Your ice beast dies!
Casting: Summon Ice Beast (dangerous; 6% risk of failure)
Confirm with . or Enter, or press ? or * to list all spells.
A chill wind blows around you.
The centaur warrior wields a +0 shortbow.
The centaur warrior shoots an arrow.
The arrow hits you!
The centaur warrior shoots an arrow.
The arrow barely misses you. The arrow hits your ice beast!!
The centaur warrior shoots an arrow.
The arrow hits you!
The centaur warrior shoots an arrow.
The arrow hits your ice beast!
Your ice beast dies!
Casting: Summon Ice Beast (dangerous; 6% risk of failure)
Confirm with . or Enter, or press ? or * to list all spells.
A chill wind blows around you.
Casting: Summon Ice Beast (dangerous; 6% risk of failure)
Confirm with . or Enter, or press ? or * to list all spells.
The fire begins to smoulder!
The centaur warrior shoots an arrow.
The arrow hits you!
* * * LOW HITPOINT WARNING * * *
Your ice beast closely misses the centaur warrior.
The fire ignites!
The centaur warrior shoots an arrow.
The arrow closely misses you.
Your ice beast hits the centaur warrior but does no damage.
The centaur warrior shoots an arrow.
The arrow hits you!!
You die...

##################
#.....c..........#
#c##############.#
#Y§..@.....<.###.#####
#####.......<#..h.....
###..).......#.#.#####
#............#.#....#
#............#.#..#.#
#......#######.#..# #
###....# .........#
#....# .........#
###.## ........##


You could see a centaur warrior (ally target) and a friendly ice beast
(summoned).

Vanquished Creatures
  A hornet (D:7)
  Menkaure (D:4)
  An ice beast (D:7)
  3 ogres
  A necrophage (D:5)
  A phantom (D:3)
  A kobold brigand (D:6)
  A bullfrog (D:7)
  2 scorpions
  A water moccasin zombie (D:5)
  A water moccasin skeleton (D:2)
  4 killer bees
  5 wights (D:7)
  A hound (D:6)
  3 orc priests
  Jessica (D:3)
  2 centaur skeletons
  3 iguanas
  An orc wizard (D:7)
  2 hound skeletons
  Robin (D:3)
  3 gnolls
  13 adders
  2 shadow imps (D:6)
  3 white imps
  3 worms
  3 dart slugs (D:1)
  19 orcs
  10 ball pythons
  6 endoplasms
  2 giant cockroaches
  14 goblins
  6 hobgoblins
  6 kobolds
  8 quokkas
  3 bats
  5 frilled lizards
  6 rats
149 creatures vanquished.

Vanquished Creatures (collateral kills)
  Maggie (D:7)
  A bullfrog (D:8)
  A killer bee (D:8)
  A howler monkey (D:8)
4 creatures vanquished.

Vanquished Creatures (others)
  500 foxfires
500 creatures vanquished.

Grand Total: 653 creatures vanquished

Notes
Turn   | Place    | Note
-------+----------+-------------------------------------------
     0 | D:1      | mordus the Djinni Fire Elementalist began the quest for the
                  | Orb.
     0 | D:1      | Reached XP level 1. HP: 15/15 MP: 0/0
    96 | D:1      | Reached XP level 2. HP: 9/22 MP: 0/0
   354 | D:1      | Found a faded altar of an unknown god.
   688 | D:1      | Reached skill level 1 in Fighting
   688 | D:1      | Reached XP level 3. HP: 19/27 MP: 0/0
   688 | D:1      | Learned a level 1 spell: Animate Skeleton
  1582 | D:2      | Reached XP level 4. HP: 31/32 MP: 0/0
  2021 | D:2      | Reached XP level 5. HP: 21/38 MP: 0/0
  2021 | D:2      | Learned a level 2 spell: Ensorcelled Hibernation
  2196 | D:2      | Found Dukhlyk's Magic Scroll Shoppe.
  2887 | D:3      | Noticed a phantom
  2902 | D:3      | Killed a phantom
  2903 | D:3      | Reached XP level 6. HP: 21/45 MP: 0/0
  3224 | D:3      | Noticed Jessica
  3228 | D:3      | Killed Jessica
  4163 | D:3      | Noticed Robin
  4167 | D:3      | Killed Robin
  4583 | D:4      | Reached XP level 7. HP: 48/49 MP: 0/0
  4583 | D:4      | Learned a level 3 spell: Spider Form
  5037 | D:4      | Noticed Menkaure
  5336 | D:4      | Killed Menkaure
  5337 | D:4      | Reached skill level 1 in Staves
  5811 | D:5      | Entered Level 5 of the Dungeon
  5979 | D:5      | Found a staircase to the Ecumenical Temple.
  5998 | Temple   | Entered the Ecumenical Temple
  6309 | Temple   | Became a worshipper of Makhleb the Destroyer
  6435 | D:5      | Found Itotav's Distillery.
  6436 | D:5      | Found Koasisy's Magic Scroll Shop.
  6438 | D:5      | Found Ruj Kaabbui's Magic Scroll Shop.
  6448 | D:5      | Found Fadghack's Armour Shop.
  6568 | D:5      | Reached skill level 5 in Spellcasting
  6568 | D:5      | Reached XP level 8. HP: 29/58 MP: 0/0
  6592 | D:5      | Reached skill level 5 in Dodging
  8073 | D:5      | HP: 2/58 [white imp/puff of frost (3)]
  8794 | D:6      | Found a glowing golden altar of the Shining One.
  9083 | D:6      | Found a broken altar of Ashenzari.
  9175 | D:7      | Noticed a hornet
  9402 | D:7      | Killed a hornet
  9403 | D:7      | Reached XP level 9. HP: 60/63 MP: 0/0
  9403 | D:7      | Learned a level 4 spell: Summon Ice Beast
  9644 | D:7      | Noticed Maggie
  9659 | D:7      | Killed Maggie
  9660 | D:7      | Reached skill level 5 in Fighting
 10043 | D:7      | Reached * piety under Makhleb
 10091 | D:7      | HP: 2/65 [wight/+1 flail of protection (12)]
 10457 | D:7      | Found a hazy altar of Hepliaklqana.
 10630 | D:7      | Reached skill level 1 in Evocations
 10634 | D:7      | Reached skill level 1 in Invocations
 11017 | D:8      | Noticed a centaur warrior
 11032 | D:8      | Shot with an arrow by a centaur warrior

Illustrated notes

Levels and vault maps discovered:
D:1:      erik_arrival_blinker_ship, layout_basic,
          shapermc_ecumenical_altar_flowoftime, dk_noncrumbling_3,
          minmay_quantized
D:2:      layout_basic, serial_shops, nicolae_shop_waterfront
D:3:      layout_loops_corners, chequers_decorated_corner, uniq_robin,
          uniq_jessica
D:4:      layout_basic, uniq_menkaure
D:5:      layout_loops_ring, minmay_temple_entry_proselytizer,
          minmay_shop_grid_forest
D:6:      layout_basic, tso_metal_star, gammafunk_temple_overflow_wave
D:7:      layout_loops_cross, nicolae_hepliaklqana_hippocampus, serial_glass,
          glass_columns_c, glass_columns_b, glass_columns_c, glass_columns_b,
          glass_columns_b, glass_columns_c, glass_columns_a, glass_columns_a,
          serial_bayou_pond_a, columned_hall_lemuel, uniq_maggie
D:8:      minmay_ornate_pinched, layout_basic
Temple:   eino_narrow_crystal_temple

Skill      XL: |  1  2  3  4  5  6  7  8  9 |
---------------+----------------------------+-----
Fighting       | 1 2 3 4 5 |  5.5
Spellcasting   | 3 4 5 6 |  6.7
Dodging        | 3 4 5 6 |  6.5
Staves         | 1 3 4 |  4.1
Evocations     | 1 |  1.3
Invocations    | 1 |  1.2
Stealth        | |  1.5

Action                   |  1- 3 |  4- 6 |  7- 9 || total
-------------------------+-------+-------+-------++-------
Melee: Unarmed           |     1 |       |    31 ||    32
       Quarterstaff      |    15 |    12 |       ||    27
       Staff             |       |    31 |    66 ||    97
 Cast: Foxfire           |    44 |    97 |   175 ||   316
       Animate Skeleton  |     1 |     1 |       ||     2
       Conjure Flame     |       |     2 |     6 ||     8
       Spider Form       |       |       |     4 ||     4
       Ensorcelled Hiber |       |       |     9 ||     9
       Summon Ice Beast  |       |       |     6 ||     6
       Fireball          |       |       |     1 ||     1
       Sticky Flame      |       |       |     1 ||     1
  Use: Scroll            |       |       |    11 ||    11
       Potion            |       |       |     1 ||     1
Armor: Robe              |     4 |    10 |    25 ||    39
       Skin              |       |       |     1 ||     1
Dodge: Dodged            |    12 |    45 |   167 ||   224

Table legend: (Time is in decaauts)
 A = Elapsed time spent in this place.
 B = Non-inter-level travel time spent in this place.
 C = Inter-level travel time spent in this place.
 D = Time resting spent in this place.
 E = Time spent auto-exploring this place.
 F = Levels seen in this place.
 G = Mean time per level.
                   A        B        C        D        E       F      G
               +--------+--------+--------+--------+--------+-----+--------+
         Total |  11057 |  10901 |    156 |   3308 |   5769 |   9 | 1228.6 |
       Dungeon |  10737 |  10581 |    156 |   3308 |   5559 |   8 | 1342.1 |
        Temple |    319 |    319 |      0 |      0 |    210 |   1 |  319.0 |
               +--------+--------+--------+--------+--------+-----+--------+

Top non-repeatable levels by time:
     D:5: 2092 daAuts
     D:7: 1706 daAuts
     D:2: 1594 daAuts
     D:1: 1547 daAuts
     D:4: 1357 daAuts
     D:3: 1326 daAuts
     D:6: 934 daAuts
  Temple: 319 daAuts
     D:8: 178 daAuts
